 Dungeon Crawl Stone Soup version 0.26.1-2-gb8aa6d0 (webtiles) character file.

Game seed: 10861260599204445434

3315 Nithhogg the Cleaver (level 10, -2/71 HPs)
             Began as a Human Fighter on Mar 30, 2021.
             Was an Initiate of the Shining One.
             Killed from afar by a white imp (4 damage)
             ... with a puff of frost
             ... on level 8 of the Dungeon.
             The game lasted 00:16:49 (8386 turns).

Nithhogg the Cleaver (Human Fighter)                Turns: 8386, Time: 00:16:50

Health: -2/71      AC: 19    Str: 24    XL:     10   Next: 21%
Magic:  10/10      EV: 11    Int:  9    God:    the Shining One [......]
Gold:   403        SH:  0    Dex: 12    Spells: 9/9 levels left

rFire    . . .     SeeInvis .   v - +2 mace (protect)
rCold    x . .     Faith    .   (no shield)
rNeg     . . .     Spirit   .   O - +2 scale mail of a wizard's laboratory {+Inv rC- rCorr Str+4}
rPois    .         Reflect  .   (no helmet)
rElec    .         Harm     .   o - scarf {+Inv}
rCorr    +         Rampage  .   E - +0 pair of gloves
Will     .....                  e - +0 pair of boots
Stlth    ..........             (no amulet)
HPRegen  0.21/turn              l - +4 ring of protection
MPRegen  0.12/turn              m - +4 ring of protection

@: glowing
A: subdued magic 1
a: Renounce Religion, Evoke Invisibility


You were on level 8 of the Dungeon.
You worshipped the Shining One.
The Shining One was noncommittal.
You visited 2 branches of the dungeon, and saw 9 of its levels.

You collected 403 gold pieces.

Inventory:

Hand Weapons
 a - a +0 war axe
 v - a +2 mace of protection (weapon)
 H - a +1 long sword of distortion
Armour
 c - a +0 kite shield
 d - a +1 ring mail of fire resistance
 e - a +0 pair of boots (worn)
 o - a scarf of invisibility (worn)
 p - a +1 chain mail
 E - a +0 pair of gloves (worn)
 O - the +2 scale mail of a wizard's laboratory (worn) {+Inv rC- rCorr Str+4}
   (You found it on level 7 of the Dungeon)

   It affects your strength (+4).
   It makes you vulnerable to cold.
   It lets you turn invisible.
   It provides partial protection from all sources of acid and corrosion.
Magical Staves
 G - an uncursed staff of poison
Jewellery
 g - an uncursed amulet of inaccuracy
 h - an uncursed ring of poison resistance
 j - an uncursed ring of protection from cold
 l - a +4 ring of protection (left hand)
 m - a +4 ring of protection (right hand)
 r - an uncursed ring of magical power
 t - an uncursed ring of protection from cold
 y - an uncursed ring of resist corrosion
 A - an uncursed ring of stealth
 K - an uncursed ring of teleportation
Wands
 N - a wand of iceblast (7) (quivered)
Scrolls
 b - 2 scrolls of teleportation
 i - 2 scrolls of noise
 k - 4 scrolls of identify
 n - 4 scrolls of amnesia
 q - 2 scrolls of random uselessness
 w - 2 scrolls of remove curse
 B - a scroll of fear
 C - a scroll of fog
 J - a scroll of brand weapon {unknown}
Potions
 f - 3 potions of attraction
 s - a potion of curing
 u - 2 potions of flight
 x - a potion of resistance {unknown}
 z - 2 potions of brilliance
 F - a potion of berserk rage {unknown}
 I - a potion of ambrosia {unknown}
 M - a potion of lignification {unknown}


   Skills:
 + Level 3.9 Fighting
 * Level 12.8 Axes
 + Level 3.8 Armour
 + Level 2.1 Dodging
 - Level 3.0 Shields


You had 9 spell levels left.
You didn't know any spells.
Your spell library contained the following spells:

 Spells                   Type           Power        Failure   Level
 Confusing Touch          Hex            0%           95%         3
 Gell's Gravitas          Tloc           0%           95%         3
 Petrify                  Tmut/Erth      0%           100%        4
 Metabolic Englaciation   Hex/Ice        0%           100%        5
 Yara's Violent Unravell  Hex/Tmut       0%           100%        5


Dungeon Overview and Level Annotations

Branches:
Dungeon (8/15)             Temple (1/1) D:6
   Lair: D:8-11

Altars:
Ashenzari
Cheibriados
Dithmenos
Fedhas
Hepliaklqana
Kikubaaqudgha
Makhleb
Nemelex Xobeh
Qazlal
Ru
Sif Muna
Trog
Uskayaw
Vehumet
Wu Jian
Xom
Zin
The Shining One

Shops:
D:5 :


Innate Abilities, Weirdness & Mutations

Your spells are a little easier to cast, but a little less powerful.


Message History

The two-headed ogre hits you but does no damage.
You are too injured to fight recklessly!
You hit the two-headed ogre.
The two-headed ogre is severely wounded.
The white imp grinds its teeth.
The two-headed ogre hits you with a +0 giant club!!
* * * LOW HITPOINT WARNING * * *
The two-headed ogre hits you but does no damage.
You see here a black bear corpse.
You feel better.
The two-headed ogre hits you but does no damage.
The two-headed ogre hits you with a +0 giant spiked club!
* * * LOW HITPOINT WARNING * * *
Found a dagger.
(D) Dungeon (T) Temple
Where to? (Enter - D:8, ? - help)
A white imp is nearby!
The white imp gestures at you. The puff of frost hits you.
You feel a terrible chill!
You die...

.......<#..##
##..###.(...# #.
#.)...# #.###.....#.
...#....##.#
#.#....##.#
#.......#)########
#..###.#..#.#<.....#
## #.......@..#
###.#.5$...#
#†'..O...#
#.#......##
#.#.......#
#......##.#
#.###...#.# #.#
....#.# #.. ......


You could see a two-headed ogre and a white imp.

Vanquished Creatures
  A hydra (D:7)
  Psyche (D:8)
  The ghost of bogs101 the Thaumaturge, a novice DEWz of Vehumet (D:6)
  The ghost of Elepheyn the Skirmisher, an amateur GnWn (D:4)
  An ice beast (D:5)
  2 phantoms
  A black bear (D:8)
  A sky beast (D:6)
  An ogre (D:6)
  A centaur (D:8)
  A bullfrog (D:7)
  A gnoll sergeant (D:6)
  2 scorpions
  6 killer bees (D:8)
  2 howler monkeys (D:6)
  A crimson imp (D:6)
  A jelly (D:5)
  An orc wizard (D:5)
  2 hounds
  An orc priest (D:5)
  Terence (D:2)
  3 iguanas
  4 worker ants
  A mummy (D:4)
  11 gnolls
  6 adders
  2 shadow imps (D:7)
  2 white imps
  An ufetubus (D:5)
  An ooze (D:3)
  2 worms
  A dart slug (D:2)
  5 leopard geckos
  17 orcs
  A ball python (D:1)
  5 bats
  8 giant cockroaches
  8 goblins
  5 hobgoblins
  4 jackals (D:2)
  2 quokkas
  6 frilled lizards
  5 kobolds
  4 kobold zombies (D:4)
  A leopard gecko skeleton (D:7)
  A quokka skeleton (D:5)
  5 rats
141 creatures vanquished.

Notes
Turn   | Place    | Note
-------+----------+-------------------------------------------
     0 | D:1      | Nithhogg the Human Fighter began the quest for the Orb.
     0 | D:1      | Reached XP level 1. HP: 18/18 MP: 1/1
   280 | D:1      | Reached XP level 2. HP: 23/24 MP: 2/2
   518 | D:1      | Reached skill level 3 in Axes
   899 | D:1      | Reached XP level 3. HP: 6/29 MP: 3/3
  1163 | D:1      | Reached skill level 4 in Axes
  1163 | D:1      | Reached XP level 4. HP: 16/35 MP: 4/4
  1619 | D:2      | Noticed Terence
  1638 | D:2      | Killed Terence
  1889 | D:2      | Reached XP level 5. HP: 41/41 MP: 5/5
  2773 | D:2      | Reached skill level 5 in Axes
  3704 | D:4      | Found a hide-covered altar of Uskayaw.
  3708 | D:4      | Reached XP level 6. HP: 39/47 MP: 6/6
  4034 | D:4      | Found a large runed translucent door.
  4034 | D:4      | Found a large runed translucent door.
  4036 | D:4      | Noticed Elepheyn's ghost (amateur GnWn)
  4057 | D:4      | Killed Elepheyn's ghost
  4058 | D:4      | Reached skill level 6 in Axes
  4621 | D:5      | Entered Level 5 of the Dungeon
  4738 | D:5      | Reached skill level 7 in Axes
  4738 | D:5      | Reached XP level 7. HP: 14/52 MP: 7/7
  5179 | D:5      | Found Umiec's Book Boutique.
  5424 | D:5      | Reached skill level 8 in Axes
  5728 | D:5      | Reached XP level 8. HP: 34/58 MP: 8/8
  6233 | D:6      | Reached skill level 9 in Axes
  6386 | D:6      | Reached skill level 10 in Axes
  6483 | D:6      | Found a burning altar of Makhleb.
  6702 | D:6      | Found a staircase to the Ecumenical Temple.
  6714 | Temple   | Entered the Ecumenical Temple
  6757 | Temple   | Became a worshipper of the Shining One
  6940 | D:6      | Found a runed translucent gate.
  6940 | D:6      | Found a runed translucent gate.
  6941 | D:6      | Found a runed translucent gate.
  6944 | D:6      | Noticed bogs101's ghost (novice DEWz)
  6966 | D:6      | Killed bogs101's ghost
  6967 | D:6      | Reached skill level 11 in Axes
  6967 | D:6      | Reached XP level 9. HP: 55/63 MP: 9/9
  7037 | D:6      | Found a blossoming altar of Fedhas.
  7037 | D:6      | Found a glowing silver altar of Zin.
  7037 | D:6      | Found an ancient bone altar of Kikubaaqudgha.
  7114 | D:6      | Gained mutation: Your spells are a little easier to cast,
                  | but a little less powerful. [mutagenic glow]
  7492 | D:7      | Got a shimmering scale mail
  7503 | D:7      | Identified the +2 scale mail of a wizard's laboratory {+Inv
                  | rC- rCorr Str+4} (You found it on level 7 of the Dungeon)
  7563 | D:7      | Noticed a six-headed hydra
  7587 | D:7      | Killed a six-headed hydra
  7588 | D:7      | Reached skill level 12 in Axes
  7826 | D:7      | Found a shadowy altar of Dithmenos.
  8071 | D:8      | Noticed Psyche
  8092 | D:8      | Reached skill level 1 in Dodging
  8092 | D:8      | Reached XP level 10. HP: 37/70 MP: 10/10
  8102 | D:8      | Killed Psyche
  8363 | D:8      | Noticed a two-headed ogre
  8380 | D:8      | HP: 1/71 [two-headed ogre/+0 giant club (13)]
  8386 | D:8      | Killed from afar by a white imp

Illustrated notes

Levels and vault maps discovered:
D:1:      sevenhm_arrival_forest_fort_small_4, layout_basic, nrook_loot_triangle
D:2:      layout_basic, uniq_terence
D:3:      layout_rooms
D:4:      layout_layer_cave, eat_drink_and_be_merry_uskayaw,
          ebering_ghost_disaster_area, minmay_mini_ossuary
D:5:      layout_basic, serial_shops, shop
D:6:      layout_rooms, gammafunk_temple_overflow_claw, makhleb_grotto_becter,
          temple_green, ebering_ghost_rock_garden, minmay_misc_feat_iff
D:7:      layout_loops_cross, grunt_dithmenos_shadows
D:8:      layout_basic, nicolae_gozag_cash_rules_everything_around_me,
          kennysheep_mini, general_overflow_altar, serial_shops, shop,
          uniq_psyche, uniq_maurice
Temple:   cyrus_circular_temple

Skill      XL: |  1  2  3  4  5  6  7  8  9 10 |
---------------+-------------------------------+-----
Axes           | 3 4 5 7 8 11 12 | 12.8
Dodging        | 1 2 |  2.1
Fighting       | |  3.9
Armour         | |  3.8
Shields        | |  3.0

Action                   |  1- 3 |  4- 6 |  7- 9 | 10-12 || total
-------------------------+-------+-------+-------+-------++-------
Melee: War axe           |    82 |   242 |   239 |       ||   563
       Mace              |       |       |    86 |    24 ||   110
Evoke: Wand              |       |       |     5 |       ||     5
  Use: Scroll            |     4 |     6 |     7 |       ||    17
       Potion            |       |     1 |     7 |     1 ||     9
Armor: Scale mail        |    12 |    11 |    76 |    28 ||   127
       Ring mail         |    29 |    62 |       |       ||    91
       Chain mail        |       |    55 |   186 |       ||   241
Dodge: Dodged            |    29 |    86 |   150 |     9 ||   274
Block: Kite shield       |    47 |    82 |       |       ||   129
